 Dungeon Crawl Stone Soup version 0.30-a0-652-gcc886f7154 (webtiles) character file.

Game seed: 4445136865337999990

102 ragingrage the Cudgeller (level 4, -1/35 HPs)
             Began as an Armataur Wanderer on Jan 17, 2023.
             Was an Initiate of Ashenzari.
             Slain by a river rat (5 damage)
             ... in a sewer.
             The game lasted 00:02:20 (1252 turns).

ragingrage the Cudgeller (Armataur Wanderer)        Turns: 1252, Time: 00:02:20

Health: -1/35      AC:  7    Str: 16    XL:     4   Next: 50%
Magic:  6/6        EV:  7    Int: 12    God:    Ashenzari [......]
Gold:   79         SH:  0    Dex: 13    Spells: 5/6 levels left

rFire   . . .      SeeInvis .    a - +0 mace "Tethered Adversity" {Bglg, Fort} (curse)
rCold   . . .      Faith    .    (no shield)
rNeg    . . .      Spirit   .    b - +0 scale mail
rPois   .          Reflect  .    (no helmet)
rElec   .          Harm     .    (no cloak)
rCorr   .          Roll     +    (no gloves)
Will    .....                    (no barding) Stlth
                                 (no amulet)
HPRegen 0.25/turn                (no ring)
MPRegen 0.10/turn                (no ring)

@: no status effects
A: large, rugged brown scales 3, deformed body, armoured tail, roll, long
tongue, awkward tongue
a: Renounce Religion, Curse Item, Shatter the Chains


You were in a sewer.
You worshipped Ashenzari.
Ashenzari was noncommittal.
You visited 1 branch of the dungeon, and saw 3 of its levels.
You also visited: Sewer.

You collected 79 gold pieces.

Inventory:

Hand Weapons
 a - the cursed +0 mace "Tethered Adversity" (weapon) {Bglg, Fort}

   It has a curse which improves the following skills: Beguiling: Conjurations,
   Hexes and Translocations.
   Fortitude: Armour and Shields.
 f - a +2 short sword of holy wrath
Missiles
 g - 2 javelins
Armour
 b - a +0 scale mail (worn)
Scrolls
 c - 2 scrolls of vulnerability
 d - a scroll of immolation {unknown}
 e - a scroll of enchant weapon {unknown}
Potions
 h - a potion of lignification {unknown}
 i - a potion of heal wounds {unknown}


   Skills:
 + Level 4.8 Maces & Flails
 - Level 3.6(4.0) Armour
 - Level 1.8 Spellcasting
 - Level 1.8 Air Magic


You had 5 spell levels left.
You knew the following spells:

 Your Spells              Type           Power      Damage    Failure   Level
a - Shock                 Conj/Air       12%        1d3       54%         1

Your spell library contained the following spells:

 Spells                   Type           Power      Damage    Failure   Level
 Poisonous Vapours        Pois/Air       6%         N/A       69%         2
 Swiftness                Air            5%         N/A       80%         3
 Ensorcelled Hibernation  Hex/Ice        2%         N/A       82%         2
 Spider Form              Tmut/Pois      1%         N/A       96%         3
 Anguish                  Hex/Necr       0%         N/A       100%        4


Dungeon Overview and Level Annotations

Branches:
Dungeon (3/15)              Sewer (1/1)

Altars:
Ashenzari

Shops:
D:3 =

Annotations:
D:2 Robin


Innate Abilities, Weirdness & Mutations

You are completely covered in rugged brown scales. (AC +3, +7% HP)
Armour fits poorly on your strangely shaped body.
You have a long armoured tail.
You roll when moving toward enemies. (Rampage)
Your long tongue fully drains potion bottles. (2x potion effects)
Your tongue gives you trouble enunciating. (1.5x scroll delay)


Message History

The river rat is moderately wounded.
The endoplasm hits you but does no damage.
The river rat bites you but does no damage.
You hit the river rat.
The river rat is moderately wounded.
The endoplasm splashes around in the water.
The river rat bites you!
An endoplasm comes into view.
You are too injured to fight recklessly!
You are too injured to fight recklessly!
You are too injured to fight recklessly!
You are too injured to fight recklessly!
You are too injured to fight recklessly!
You are too injured to fight recklessly!
You are too injured to fight recklessly!
You are too injured to fight recklessly!
You are too injured to fight recklessly!
You are too injured to fight recklessly!
You are too injured to fight recklessly!
You are too injured to fight recklessly!
You are too injured to fight recklessly!
You are too injured to fight recklessly!
The endoplasm quivers.
You hit the river rat but do no damage.
The river rat is moderately wounded.
The endoplasm jiggles.
The endoplasm freezes you.
You are frozen.
The river rat bites you. The endoplasm hits you.
You barely miss the river rat.
The river rat is moderately wounded.
The river rat bites you!
* * * LOW HITPOINT WARNING * * *
The endoplasm barely misses you. The river rat barely misses you.
You hit the river rat but do no damage.
The river rat is moderately wounded.
The endoplasm freezes you.
You are frozen.
* * * LOW HITPOINT WARNING * * *
The river rat bites you.
You die...

##########†~#
.....~......# ....
......~.~..~# #.~.~
~†########### #~..~.
~~# #~~J~. ..# ~.~~#
..## ##...# ...###
###rJ~#
.....#########~~@~.#
#..~....~.~†.~..~~##
####....~.~...~####
#############


You could see a river rat and 2 endoplasms.

Vanquished Creatures
  A gnoll (D:1)
  2 river rats
  3 adders
  7 endoplasms
  5 giant cockroaches
  2 goblins
  4 hobgoblins (D:1)
  A kobold (D:1)
  3 quokkas
  7 ball pythons
  4 bats
  4 frilled lizards
  3 rats
46 creatures vanquished.

Notes
Turn   | Place    | Note
-------+----------+-------------------------------------------
     0 | D:1      | ragingrage the Armataur Wanderer began the quest for the
                  | Orb.
     0 | D:1      | ragingrage set off with the following items: a +0 mace, a
                  | +0 scale mail, a scroll of vulnerability; and the following
                  | spell memorised: Shock; and the following spells available
                  | to memorise: Poisonous Vapours, Swiftness.
     0 | D:1      | Reached XP level 1. HP: 14/14 MP: 3/3
   200 | D:1      | Found a faded altar of an unknown god.
   204 | D:1      | Reached skill level 3 in Maces & Flails
   207 | D:1      | Prayed at the altar of an unknown god.
   207 | D:1      | Became a worshipper of Ashenzari the Shackled
   232 | D:1      | Reached XP level 2. HP: 19/21 MP: 4/4
   603 | D:1      | Reached XP level 3. HP: 27/27 MP: 5/5
   862 | D:2      | Noticed Robin
   960 | D:3      | Reached skill level 4 in Maces & Flails
   976 | D:3      | Found Ojatuacu's Jewellery Shop.
  1057 | D:3      | Reached XP level 4. HP: 16/35 MP: 6/6
  1068 | D:3      | Found a glowing drain.
  1116 | Sewer    | Entered a sewer
  1252 | Sewer    | Slain by a river rat

Illustrated notes

Levels and vault maps discovered:
D:1:      minmay_arrival_loop, layout_loops_ring,
          hellmonk_ecumenical_altar_slurped_away, chequers_serial_rivers_small_a
D:2:      layout_loops_ring, uniq_robin, uniq_terence
D:3:      layout_basic, regret_index_temple_of_mockery, evilmike_ruin_ashenzari,
          amcnicky_altar_gilded, serial_shops, nicolae_diamond_shop, shop,
          nicolae_shop_temple_entry_statues_fountains, gup_sewer_entry_bubbles,
          dreamdust_princess_corridor
Sewer:    sewer_hellmonk_slimy_pipes

Skill      XL: |  1  2  3 |
---------------+----------+-----
Maces & Flails | 3 4 |  4.8
Armour         | |  3.6
Spellcasting   | |  1.8
Air Magic      | |  1.8

Action                   |  1- 3 |  4- 6 || total
-------------------------+-------+-------++-------
Melee: Mace              |    81 |    39 ||   120
       Tailslap          |     7 |     4 ||    11
       Punch             |       |     1 ||     1
Invok: Curse Item        |     1 |       ||     1
Armor: Scale mail        |    50 |    26 ||    76
Dodge: Dodged            |    25 |    15 ||    40

Table legend: (Time is in decaauts)
 A = Elapsed time spent in this place.
 B = Non-inter-level travel time spent in this place.
 C = Inter-level travel time spent in this place.
 D = Time resting spent in this place.
 E = Time spent auto-exploring this place.
 F = Levels seen in this place.
 G = Mean time per level.
                   A        B        C        D        E       F      G
               +--------+--------+--------+--------+--------+-----+--------+
         Total |   1275 |   1228 |     47 |     96 |    705 |   4 |  318.8 |
       Dungeon |   1133 |   1086 |     47 |     88 |    630 |   3 |  377.7 |
         Sewer |    141 |    141 |      0 |      8 |     75 |   1 |  141.0 |
               +--------+--------+--------+--------+--------+-----+--------+

Top non-repeatable levels by time:
     D:1: 793 daAuts
     D:3: 255 daAuts
   Sewer: 141 daAuts
     D:2: 85 daAuts
